 Dungeon Crawl Stone Soup version 0.17-a0-2002-g92c7e20 (webtiles) character file.

3801 Goblin1989 the Grappler (level 9, 0/94 HPs)
             Began as a Troll Fighter on Oct 9, 2015.
             Was an Initiate of Okawaru (penitent).
             Splashed by a jelly's acid (5 damage)
             ... on level 8 of the Dungeon.
             The game lasted 00:31:46 (6268 turns).

Goblin1989 the Grappler (Troll Fighter)             Turns: 6268, Time: 00:31:47

Health: 0/94       AC:  4    Str: 27    XL:     9   Next: 96%
Magic:  8/8        EV:  8    Int:  4    God:    Okawaru [*]
Gold:   335        SH: 10    Dex: 15    Spells: 0 memorised, 8 levels left

rFire  . . .     SeeInvis +       - Unarmed
rCold  . . .     Clarity  .     i - +2 robe {rN+}
rNeg   + . .     SustAt   +     b - +1 shield
rPois  +         Gourm    +     (helmet restricted)
rElec  .         Spirit   .     w - +0 cloak {+Inv}
rCorr  .         Warding  .     (gloves unavailable)
rMut   .         Stasis   .     (boots unavailable)
MR     .....                    L - amulet "Qashrema" {Inacc rPois Dex+4 SInv}
Stlth  ++........               f - ring of sustain attributes
                                B - ring of stealth

@: corroded equipment, very slightly contaminated, invisible, not resistant to
hostile enchantments, unstealthy
A: unfitting armour, claws 3, fast metabolism 3, gourmand, regeneration 2,
shaggy fur 1, tough skin 2
a: Renounce Religion


You were on level 8 of the Dungeon.
You worshipped Okawaru.
Okawaru was demanding penance.
You were not hungry.

You visited 1 branch of the dungeon, and saw 8 of its levels.
You also visited: Ossuary.

You collected 379 gold pieces.
You spent 44 gold pieces at shops.

Inventory:

Missiles
 m - 4 large rocks (quivered)
Armour
 b - a +1 shield (worn)
 i - a +2 robe of positive energy (worn)
 w - a +0 cloak of invisibility (worn)
Jewellery
 f - a ring of sustain attributes (right claw)
 B - a ring of stealth (left claw)
 L - the amulet "Qashrema" (around neck) {Inacc rPois Dex+4 SInv}
   (You found it on level 7 of the Dungeon)

   [amulet of inaccuracy]

   It reduces the accuracy of all your attacks.
   It affects your dexterity (+4).
   It protects you from poison.
   It lets you see invisible.
Wands
 z - a wand of digging (4)
 M - a wand of cold (3)
Scrolls
 e - 4 scrolls of recharging
 g - 2 scrolls of fog
 k - 3 scrolls of identify
 n - a scroll of magic mapping {unknown}
 o - a scroll of noise {unknown}
 q - 2 scrolls of teleportation
 r - 5 scrolls of remove curse
 t - 2 scrolls of immolation
 C - a scroll of enchant armour
 E - 4 scrolls of blinking
Potions
 c - 3 potions of might
 l - 5 potions of curing
 p - 3 potions of flight
 v - 2 potions of cure mutation
 K - a potion of ambrosia
Comestibles
 a - 3 meat rations
 d - 5 bread rations
 j - 2 beef jerkies
 s - a chunk of flesh


   Skills:
 * Level 7.6 Fighting
 - Level 3.5 Throwing
 - Level 2.4 Dodging
 - Level 2.4 Shields
 + Level 10.8 Unarmed Combat


You had 8 spell levels left.
You didn't know any spells.

Dungeon Overview and Level Annotations

Branches:
Dungeon (8/15)             Temple (0/1) D:7
   Lair: D:8-11

Altars:
Cheibriados
Dithmenos
Elyvilon
Fedhas
Okawaru
Ru
Trog
Vehumet

Shops:
D:8 *


Innate Abilities, Weirdness & Mutations

You are too large for most types of armour.
You have claws for hands.
Your metabolism is lightning-fast.
You like to eat raw meat.
You heal very quickly.
You are covered in fur (AC +1).
You have very tough skin (AC +2).


Message History

The orc warrior barely misses you.
You miss the orc warrior.
The orc warrior is heavily wounded.
You claw the orc warrior!
The orc warrior is almost dead.
The orc warrior hits you but does no damage.
You miss the orc warrior.
The orc warrior is almost dead.
The orc warrior hits you with a glaive!!
* * * LOW HITPOINT WARNING * * *
You claw the orc warrior!
You kill the orc warrior!
Okawaru accepts your kill.
You hear a slurping noise.
Drink which item? (? for menu, Esc to quit)
You fade into invisibility!
The jelly barely misses you.
You are very lightly contaminated with residual magic.
You claw the jelly! The acid corrodes you!
Your claws burn!
You die...

#......# ....# #......# .....
#......##### .)...#
####..........########+#.yo..#
...'....................o.y.>#
##.#......#.#.######..o...o..#
)...........#.# #.....y...#
##.########...######y...####.#
)...............@Joyo...#
##.#################o...#
#.###<....#### #....#
##.##.......... %....#
............... ....###
##............) ....#
#............. .....
#......####### ... #......#


You could see a jelly, 2 killer bees and 3 orcs.

Vanquished Creatures
  The ghost of B1inky the Blocker, a novice OpFi of Qazlal (D:8)
  The ghost of inmateoo the Bolt Thrower, a novice TeAM (D:5)
  Sigmund (D:2)
  A hungry ghost (D:8)
  Menkaure (D:7)
  Edmund (D:6)
  2 sky beasts (D:8)
  2 phantoms (D:4)
  An orc warrior (D:8)
  2 black bears
  An ice beast (D:8)
  An ogre (D:6)
  4 giant frogs
  An elf zombie (Ossuary)
  2 scorpions
  2 killer bees (D:8)
  2 hounds (D:6)
  A crimson imp (D:6)
  3 centaur zombies (Ossuary)
  A human zombie (Ossuary)
  4 orc priests
  2 iguanas
  5 worker ants
  9 orc wizards
  2 big kobold zombies (Ossuary)
  2 hound zombies (Ossuary)
  3 mummies (Ossuary)
  10 adders
  6 gnolls
  An ooze (D:5)
  4 adder zombies (Ossuary)
  3 worms
  32 orcs
  5 giant cockroaches
  A gnoll zombie (Ossuary)
  10 goblins
  3 hobgoblins
  3 quokkas
  A ball python (D:3)
  A ball python skeleton (D:4)
  8 bats
  3 giant geckos
  3 giant newts
  4 goblin zombies (Ossuary)
  4 hobgoblin zombies (Ossuary)
  8 jackals
  2 jackal zombies (Ossuary)
  4 kobolds (D:1)
  5 kobold zombies (Ossuary)
  An orc zombie (Ossuary)
  3 quokka zombies (Ossuary)
  9 rats
  4 rat zombies (Ossuary)
196 creatures vanquished.

Vanquished Creatures (others)
  An orc (D:6)
1 creature vanquished.

Grand Total: 197 creatures vanquished

Notes
Turn   | Place    | Note
--------------------------------------------------------------
     0 | D:1      | Goblin1989 the Troll Fighter began the quest for the Orb.
     0 | D:1      | Reached XP level 1. HP: 22/22 MP: 0/0
   261 | D:1      | Reached XP level 2. HP: 27/29 MP: 1/1
   308 | D:1      | You fall through a shaft!
   308 | D:2      | Noticed Sigmund
   448 | D:2      | Killed Sigmund
   448 | D:2      | Reached skill level 5 in Unarmed Combat
   448 | D:2      | Reached XP level 3. HP: 18/36 MP: 2/2
   448 | D:2      | Reached XP level 4. HP: 22/44 MP: 3/3
   448 | D:2      | Reached XP level 5. HP: 25/50 MP: 4/4
  1157 | D:2      | Found a white marble altar of Elyvilon.
  1292 | D:3      | Reached skill level 6 in Unarmed Combat
  2057 | D:3      | Found a sacrificial altar of Ru.
  2127 | D:3      | Reached XP level 6. HP: 59/59 MP: 5/5
  2656 | D:4      | Reached skill level 1 in Throwing
  2985 | D:4      | Reached skill level 7 in Unarmed Combat
  3175 | D:4      | Reached XP level 7. HP: 57/66 MP: 6/6
  3705 | D:4      | Found a bloodstained altar of Trog.
  3705 | D:4      | Found a shadowy altar of Dithmenos.
  3864 | D:5      | Entered Level 5 of the Dungeon
  3888 | D:5      | Found a sand-covered staircase.
  3903 | Ossuary  | Entered an ossuary
  4004 | Ossuary  | Reached skill level 8 in Unarmed Combat
  4118 | Ossuary  | Reached XP level 8. HP: 72/74 MP: 7/7
  4320 | D:5      | Found a blossoming altar of Fedhas.
  4415 | D:5      | Noticed inmateoo's ghost (novice TeAM)
  4431 | D:5      | Killed inmateoo's ghost
  4431 | D:5      | Reached skill level 9 in Unarmed Combat
  4731 | D:5      | Found a snail-covered altar of Cheibriados.
  4965 | D:6      | Noticed Edmund
  4992 | D:6      | Reached skill level 5 in Fighting
  4992 | D:6      | Reached XP level 9. HP: 83/88 MP: 8/8
  5030 | D:6      | Killed Edmund
  5036 | D:6      | Reached skill level 10 in Unarmed Combat
  5125 | D:6      | Found a radiant altar of Vehumet.
  5207 | D:6      | Found an iron altar of Okawaru.
  5211 | D:6      | Became a worshipper of Warmaster Okawaru
  5420 | D:7      | Found a staircase to the Ecumenical Temple.
  5444 | D:7      | Got a translucent ruby amulet
  5467 | D:6      | Identified the amulet "Qashrema" {Inacc rPois Dex+4 SInv} (You found it on level 7 of the Dungeon)
  5492 | D:6      | Was placed under penance by Okawaru
  5558 | D:7      | Noticed Menkaure
  5564 | D:7      | Killed Menkaure
  5806 | D:7      | Noticed a cyclops
  5806 | D:7      | Noticed an orc knight
  5874 | D:8      | Found Veyng's General Store.
  5882 | D:8      | Bought a potion of might for 44 gold pieces
  5980 | D:8      | Noticed B1inky's ghost (novice OpFi)
  5997 | D:8      | Killed B1inky's ghost
  6264 | D:8      | HP: 4/93 [orc warrior/glaive (22)]
  6268 | D:8      | Splashed by a jelly's acid

Vault maps used:
D:1:      dpeg_arrival_three_same_balls, st_stairs_5, roderic_hopi_sauvastika
D:2:      nicolae_overflow_hidden_temple, serial_co_window_serial,
          co_window_corner_a, co_window_corner_a, co_window_corner_a,
          co_window_of_opportunity_a, co_window_corner_a,
          co_window_of_opportunity_a, co_window_of_opportunity_a,
          co_window_2corner, co_window_cross_3, co_window_corner_cb,
          glass_columns_a, glass_columns_a, glass_columns_b, uniq_sigmund
D:3:      old_standard_altar, first_bread
D:4:      gammafunk_temple_overflow_elements, minmay_misc_feat_encased
D:5:      kennysheep_mini_moat, fedhas_altar_4, nicolae_ossuary_entry_ruins
D:6:      fiery_altar_vehumet, kennysheep_mini, uniq_edmund
D:7:      minmay_temple_entry_junction, uniq_menkaure
D:8:      serial_shops, shop
Ossuary:  minmay_ossuary_two_tombs

Action                   |  1- 3 |  4- 6 |  7- 9 || total
-------------------------+-------+-------+-------++-------
Melee: Unarmed           |    45 |   206 |   381 ||   632
Throw: Large rock        |       |       |     1 ||     1
  Use: Scroll            |       |     2 |    17 ||    19
       Potion            |       |       |     8 ||     8
 Stab: Sleeping          |       |     2 |     4 ||     6
  Eat: Chunk             |       |    32 |    29 ||    61
       Royal jelly       |       |       |     1 ||     1
